| TOP OF THE 1ST |
|
University of Toronto Marlies batting - Pitching for UCLA Bruins : LHP Dave Hutchison
|
|
Pitching: LHP Dave Hutchison
|
|
|
Batting: RHB Charlie Townend
|
0-0: Foul Ball, location: 2F 0-1: Ball 1-1: Swinging Strike 1-2: Foul Ball, location: 2F 1-2: Ball 2-2: Strikes out swinging
|
|
Batting: LHB Mitch Melton
|
0-0: Ball 1-0: Foul Ball, location: 2F 1-1: Ball 2-1: Foul Ball, location: 2F 2-2: DOUBLE (Groundball, 3L, EV 104.4 MPH)
|
|
Batting: RHB Konrad van Pelt
|
0-0: Called Strike 0-1: Foul Ball, location: 2F 0-2: Ball 1-2: Ball 2-2: Ball 3-2: Foul Ball, location: 2F 3-2: Base on Balls
|
|
Batting: RHB Steve Campeau
|
0-0: Reached on error, E6 (Groundball, 6, EV 85.0 MPH) Mitch Melton to third Konrad van Pelt to second
|
|
Batting: RHB Aaron Knight
|
0-0: Called Strike 0-1: Ball 1-1: Foul Ball, location: 2F 1-2: Foul Ball, location: 2F 1-2: Strikes out swinging
|
|
Batting: RHB Luke Stannard
|
0-0: Called Strike 0-1: Ball 1-1: Ground out 4-3 (Groundball, 34, EV 104.4 MPH)
|
| Top of the 1st over - 0 runs, 1 hit, 1 error, 3 left on base; University of Toronto 0 - UCLA 0 |
| BOTTOM OF THE 1ST |
|
UCLA Bruins batting - Pitching for University of Toronto Marlies : LHP Carlos Ruedas
|
|
Pitching: LHP Carlos Ruedas
|
|
|
Batting: LHB Mark Cummings
|
0-0: Ground out 1-3 (Groundball, 34S, EV 63.1 MPH)
|
|
Batting: RHB Melvin Yanes
|
0-0: Ball 1-0: Called Strike 1-1: DOUBLE (Flyball, 78D, EV 95.0 MPH)
|
|
Batting: RHB Andy Knerr
|
0-0: Called Strike 0-1: Fly out, F8 (Flyball, 8LM, EV 81.9 MPH)
|
|
Batting: RHB Michael Alvarado
|
0-0: Foul Ball, location: 2F 0-1: Ground out 6-3 (Groundball, 6S, EV 68.8 MPH)
|
| Bottom of the 1st over - 0 runs, 1 hit, 0 errors, 1 left on base; University of Toronto 0 - UCLA 0 |
| TOP OF THE 2ND |
|
University of Toronto Marlies batting - Pitching for UCLA Bruins : LHP Dave Hutchison
|
|
Batting: RHB Todd Maybury
|
0-0: SINGLE (Groundball, 6D, EV 98.8 MPH)
|
|
Batting: RHB John Wilson
|
0-0: Foul Ball, location: 2F 0-1: Ball 1-1: Ball 2-1: Foul Ball, location: 2F 2-2: Fly out, F8 (Line Drive, 8LM, EV 92.5 MPH)
|
|
Batting: RHB Kevin McGaughey
|
0-0: Ball 1-0: Called Strike Todd Maybury steals 2nd, throwing error, E2 Todd Maybury to third 1-1: Fly out, F2 (Popup, 23F, EV 88.1 MPH)
|
|
Batting: RHB Charlie Townend
|
0-0: Swinging Strike 0-1: Ball 1-1: Ball 2-1: Ball 3-1: Fly out, F8 (Flyball, 8LD, EV 96.9 MPH)
|
| Top of the 2nd over - 0 runs, 1 hit, 1 error, 1 left on base; University of Toronto 0 - UCLA 0 |
| BOTTOM OF THE 2ND |
|
UCLA Bruins batting - Pitching for University of Toronto Marlies : LHP Carlos Ruedas
|
|
Batting: SHB Sean Munns
|
0-0: Swinging Strike 0-1: Ground out 6-3 (Groundball, 6S, EV 88.8 MPH)
|
|
Batting: SHB Mike Beck
|
0-0: Ball 1-0: Ball 2-0: Ball 3-0: Base on Balls
|
|
Batting: RHB Ethan Krause
|
0-0: Fielders Choice at 2nd, 6-4 (Groundball, 6, EV 77.5 MPH)
|
|
Batting: LHB Dave Hutchison
|
0-0: Foul Ball, location: 2F 0-1: Ground out 1-3 (Groundball, 13S, EV 68.1 MPH)
|
| Bottom of the 2nd over - 0 runs, 0 hits, 0 errors, 1 left on base; University of Toronto 0 - UCLA 0 |
| TOP OF THE 3RD |
|
University of Toronto Marlies batting - Pitching for UCLA Bruins : LHP Dave Hutchison
|
|
Batting: LHB Mitch Melton
|
0-0: Ball 1-0: Ball 2-0: Ground out U3 (Groundball, 34S, EV 76.9 MPH)
|
|
Batting: RHB Konrad van Pelt
|
0-0: Ball 1-0: Swinging Strike 1-1: Fly out, F7 (Flyball, 7S, EV 83.8 MPH)
|
|
Batting: RHB Steve Campeau
|
0-0: Called Strike 0-1: Ball 1-1: Ground out U3 (Groundball, 3S, EV 68.8 MPH)
|
| Top of the 3rd over - 0 runs, 0 hits, 0 errors, 0 left on base; University of Toronto 0 - UCLA 0 |
| BOTTOM OF THE 3RD |
|
UCLA Bruins batting - Pitching for University of Toronto Marlies : LHP Carlos Ruedas
|
|
Batting: RHB Pete Devaux
|
0-0: Ball 1-0: Foul Ball, location: 2F 1-1: Swinging Strike 1-2: Foul Ball, location: 2F 1-2: Strikes out looking
|
|
Batting: LHB Mark Cummings
|
0-0: Called Strike 0-1: Called Strike 0-2: Ball 1-2: DOUBLE (Line Drive, 78M, EV 89.4 MPH)
|
|
Batting: RHB Melvin Yanes
|
0-0: Foul Ball, location: 2F 0-1: Ball 1-1: Foul Ball, location: 2F 1-2: Foul Ball, location: 2F 1-2: Foul Ball, location: 2F 1-2: Ball 2-2: TRIPLE (Line Drive, 89XD, EV 103.8 MPH) Mark Cummings scores
|
|
Batting: RHB Andy Knerr
|
0-0: Called Strike 0-1: Foul Ball, location: 2F 0-2: Strikes out looking
|
|
Batting: RHB Michael Alvarado
|
0-0: Swinging Strike 0-1: Called Strike 0-2: Ground out 6-3 (Groundball, 6, EV 105.6 MPH)
|
| Bottom of the 3rd over - 1 run, 2 hits, 0 errors, 1 left on base; University of Toronto 0 - UCLA 1 |
| TOP OF THE 4TH |
|
University of Toronto Marlies batting - Pitching for UCLA Bruins : LHP Dave Hutchison
|
|
Batting: RHB Aaron Knight
|
0-0: Called Strike 0-1: Ground out 6-3 (Groundball, 6, EV 85.0 MPH)
|
|
Batting: RHB Luke Stannard
|
0-0: Called Strike 0-1: Ball 1-1: Ball 2-1: Ball 3-1: Base on Balls
|
|
Batting: RHB Todd Maybury
|
0-0: Foul Ball, location: 2F 0-1: Foul Ball, location: 2F 0-2: Ball 1-2: Grounds into double play, 6-4-3 (Groundball, 6, EV 87.5 MPH)
|
| Top of the 4th over - 0 runs, 0 hits, 0 errors, 0 left on base; University of Toronto 0 - UCLA 1 |
| BOTTOM OF THE 4TH |
|
UCLA Bruins batting - Pitching for University of Toronto Marlies : LHP Carlos Ruedas
|
|
Batting: SHB Sean Munns
|
0-0: Ball 1-0: Ball 2-0: Foul Ball, location: 2F 2-1: Called Strike 2-2: Ball 3-2: Strikes out swinging
|
|
Batting: SHB Mike Beck
|
0-0: Called Strike 0-1: Ball 1-1: Ball 2-1: Ball 3-1: Base on Balls
|
|
Batting: RHB Ethan Krause
|
0-0: Fly out, F8 (Flyball, 8RD, EV 90.6 MPH)
|
|
Batting: LHB Dave Hutchison
|
0-0: Fly out, F8 (Flyball, 8LD, EV 95.6 MPH)
|
| Bottom of the 4th over - 0 runs, 0 hits, 0 errors, 1 left on base; University of Toronto 0 - UCLA 1 |
| TOP OF THE 5TH |
|
University of Toronto Marlies batting - Pitching for UCLA Bruins : LHP Dave Hutchison
|
|
Batting: RHB John Wilson
|
0-0: Fly out, F9 (Flyball, 9, EV 87.5 MPH)
|
|
Batting: RHB Kevin McGaughey
|
0-0: Called Strike 0-1: Foul Ball, location: 2F 0-2: Ground out 5-3 (Groundball, 56, EV 105.6 MPH)
|
|
Batting: RHB Charlie Townend
|
0-0: Ground out 4-3 (Groundball, 34D, EV 101.2 MPH)
|
| Top of the 5th over - 0 runs, 0 hits, 0 errors, 0 left on base; University of Toronto 0 - UCLA 1 |
| BOTTOM OF THE 5TH |
|
UCLA Bruins batting - Pitching for University of Toronto Marlies : LHP Carlos Ruedas
|
|
Batting: RHB Pete Devaux
|
0-0: Ball 1-0: Foul Ball, location: 2F 1-1: Bunted foul 1-2: Ball 2-2: Ball 3-2: Ground out 6-3 (Groundball, 6, EV 106.9 MPH)
|
|
Batting: LHB Mark Cummings
|
0-0: Called Strike 0-1: Called Strike 0-2: Strikes out swinging
|
|
Batting: RHB Melvin Yanes
|
0-0: Ball 1-0: Ball 2-0: Foul Ball, location: 2F 2-1: Ball 3-1: Base on Balls
|
|
Batting: RHB Andy Knerr
|
0-0: Foul Ball, location: 2F 0-1: Called Strike 0-2: Foul Ball, location: 2F 0-2: Foul Ball, location: 2F 0-2: Ball 1-2: Ball 2-2: Foul Ball, location: 2F 2-2: Ball Wild Pitch! Melvin Yanes to second 3-2: Ground out 5-3 (Groundball, 5L, EV 86.9 MPH)
|
| Bottom of the 5th over - 0 runs, 0 hits, 0 errors, 1 left on base; University of Toronto 0 - UCLA 1 |
| TOP OF THE 6TH |
|
University of Toronto Marlies batting - Pitching for UCLA Bruins : LHP Dave Hutchison
|
|
Batting: LHB Mitch Melton
|
0-0: Ball 1-0: Ball 2-0: Called Strike 2-1: Called Strike 2-2: Ground out 5-3 (Groundball, 5, EV 78.1 MPH)
|
|
Batting: RHB Konrad van Pelt
|
0-0: SINGLE (Line Drive, 89S, EV 107.5 MPH)
|
|
Batting: RHB Steve Campeau
|
0-0: Called Strike 0-1: Foul Ball, location: 2F 0-2: Strikes out swinging
|
|
Batting: RHB Aaron Knight
|
0-0: Ball 1-0: Ball 2-0: Fielders Choice at 2nd, 5-4 (Groundball, 56, EV 100.0 MPH)
|
| Top of the 6th over - 0 runs, 1 hit, 0 errors, 1 left on base; University of Toronto 0 - UCLA 1 |
| BOTTOM OF THE 6TH |
|
UCLA Bruins batting - Pitching for University of Toronto Marlies : LHP Carlos Ruedas
|
|
Batting: RHB Michael Alvarado
|
0-0: Foul Ball, location: 2F 0-1: Swinging Strike 0-2: Foul Ball, location: 2F 0-2: Ball 1-2: Ball 2-2: Reached on error, E6 (Groundball, 6, EV 88.8 MPH)
|
|
Pitching: RHP Mike McDonald
|
|
|
Batting: SHB Sean Munns
|
0-0: Ball 1-0: Ball 2-0: Fielders Choice at 2nd, 4-6 (Groundball, 4, EV 79.4 MPH)
|
|
Batting: SHB Mike Beck
|
0-0: Called Strike 0-1: Called Strike 0-2: Ball 1-2: Ball 2-2: Fielders Choice at 2nd, 4-6 (Groundball, 4, EV 88.8 MPH)
|
|
Batting: RHB Ethan Krause
|
0-0: Called Strike 0-1: Swinging Strike 0-2: Ball 1-2: Strikes out swinging
|
| Bottom of the 6th over - 0 runs, 0 hits, 1 error, 1 left on base; University of Toronto 0 - UCLA 1 |
| TOP OF THE 7TH |
|
University of Toronto Marlies batting - Pitching for UCLA Bruins : LHP Dave Hutchison
|
|
Batting: RHB Luke Stannard
|
0-0: Called Strike 0-1: Fly out, F8 (Flyball, 8LD, EV 90.6 MPH)
|
|
Batting: RHB Todd Maybury
|
0-0: Ball 1-0: Ball 2-0: Foul Ball, location: 2F 2-1: Ball 3-1: Foul Ball, location: 2F 3-2: Strikes out swinging
|
|
Batting: RHB John Wilson
|
0-0: Fly out, F9 (Line Drive, 9, EV 103.8 MPH)
|
| Top of the 7th over - 0 runs, 0 hits, 0 errors, 0 left on base; University of Toronto 0 - UCLA 1 |
| BOTTOM OF THE 7TH |
|
UCLA Bruins batting - Pitching for University of Toronto Marlies : RHP Mike McDonald
|
|
Batting: LHB Dave Hutchison
|
0-0: Ball 1-0: Called Strike 1-1: Swinging Strike 1-2: Ball 2-2: Strikes out swinging
|
|
Batting: RHB Pete Devaux
|
0-0: Ball 1-0: SINGLE (Groundball, 56D, EV 105.0 MPH)
|
|
Batting: LHB Mark Cummings
|
0-0: Ball 1-0: Called Strike 1-1: Ball 2-1: DOUBLE (Groundball, 5L, EV 98.1 MPH) Pete Devaux to third Runner from 3rd tries for Home, SAFE, no throw by LF
|
|
Batting: RHB Melvin Yanes
|
0-0: Ball 1-0: Foul Ball, location: 2F 1-1: Ball 2-1: SINGLE (Line Drive, 8RS, EV 106.2 MPH) Mark Cummings to third
|
|
Pitching: LHP Nick Holt
|
|
|
Batting: RHB Andy Knerr
|
0-0: Called Strike 0-1: Ball 1-1: Ball 2-1: Swinging Strike 2-2: Fly out, F9 (Flyball, 9D, EV 97.5 MPH) Runner from 3rd tags up, SCORES, throw by RF
|
|
Batting: RHB Michael Alvarado
|
0-0: Ball 1-0: Foul Ball, location: 2F 1-1: Called Strike 1-2: Ball 2-2: Ball 3-2: Ground out 6-3 (Groundball, 6, EV 96.9 MPH)
|
| Bottom of the 7th over - 2 runs, 3 hits, 0 errors, 1 left on base; University of Toronto 0 - UCLA 3 |
| TOP OF THE 8TH |
|
University of Toronto Marlies batting - Pitching for UCLA Bruins : LHP Dave Hutchison
|
|
Pitching: RHP Cyrano Papadoupolos
|
|
|
Batting: RHB Kevin McGaughey
|
0-0: Ball 1-0: Called Strike 1-1: Ball 2-1: Called Strike 2-2: Ball 3-2: Ground out 1-3 (Groundball, 13S, EV 75.6 MPH)
|
|
Batting: RHB Charlie Townend
|
0-0: Ball 1-0: Foul Ball, location: 2F 1-1: Ground out 4-3 (Groundball, 4, EV 83.8 MPH)
|
|
Batting: LHB Mitch Melton
|
0-0: DOUBLE (Flyball, 8RXD, EV 101.2 MPH)
|
|
Batting: RHB Konrad van Pelt
|
0-0: Called Strike 0-1: Swinging Strike 0-2: Ball 1-2: Strikes out swinging
|
| Top of the 8th over - 0 runs, 1 hit, 0 errors, 1 left on base; University of Toronto 0 - UCLA 3 |
| BOTTOM OF THE 8TH |
|
UCLA Bruins batting - Pitching for University of Toronto Marlies : LHP Nick Holt
|
|
Batting: SHB Sean Munns
|
0-0: SINGLE (Line Drive, 5D, EV 95.0 MPH)
|
|
Batting: SHB Mike Beck
|
0-0: Ball 1-0: Ball 2-0: Ball 3-0: Base on Balls Sean Munns to second
|
|
Batting: RHB Ethan Krause
|
0-0: SINGLE (Flyball, 89S, EV 92.5 MPH) Sean Munns to third Mike Beck to second
|
|
Batting: RHB Issac Konol
|
0-0: Swinging Strike 0-1: Swinging Strike 0-2: Fly out, F9 (Flyball, 9, EV 82.5 MPH) Runner from 3rd tags up, OUT at HOME! 9-2 Mike Beck to third Ethan Krause to second
|
|
Pitching: RHP Mario Cumplido
|
|
|
Batting: RHB Pete Devaux
|
0-0: Ball Passed Ball! Mike Beck scores Ethan Krause to third 1-0: SINGLE (Line Drive, 4D, EV 96.2 MPH) Ethan Krause scores
|
|
Batting: LHB Mark Cummings
|
0-0: Called Strike 0-1: Foul Ball, location: 2F 0-2: Ball 1-2: Foul Ball, location: 2F 1-2: SINGLE (Groundball, 6S, EV 71.9 MPH) (infield hit) Pete Devaux to second
|
|
Batting: RHB Melvin Yanes
|
0-0: Fly out, F9 (Flyball, 9S, EV 92.5 MPH)
|
| Bottom of the 8th over - 2 runs, 4 hits, 0 errors, 2 left on base; University of Toronto 0 - UCLA 5 |
| TOP OF THE 9TH |
|
University of Toronto Marlies batting - Pitching for UCLA Bruins : RHP Cyrano Papadoupolos
|
|
Batting: RHB Steve Campeau
|
0-0: Ball 1-0: Foul Ball, location: 2F 1-1: Ball 2-1: SOLO HOME RUN (Flyball, 78XD, EV 110.6 MPH), Distance : 416 ft
|
|
Batting: RHB Aaron Knight
|
0-0: Ground out 2-3 (Groundball, 15S, EV 68.1 MPH)
|
|
Batting: RHB Luke Stannard
|
0-0: Swinging Strike 0-1: Fly out, F8 (Line Drive, 89M, EV 93.1 MPH)
|
|
Batting: RHB Todd Maybury
|
0-0: Ball 1-0: Foul Ball, location: 2F 1-1: Fly out, F8 (Line Drive, 78D, EV 102.5 MPH)
|
| Top of the 9th over - 1 run, 1 hit, 0 errors, 0 left on base; University of Toronto 1 - UCLA 5 |
|